AoeStats
← no one

Arena

507496291Analyzed
1v1 RM · 14d ago on Sep 18, 2026· 33m 39s· 2 players
Game mode
Random Map
Map size
Tiny (2 player)
Population
200
Speed
Normal
Resources
Standard
Victory
Conquest
Starting age
Dark Age
Ending age
Imperial Age
RankedLock teamsTeams togetherTeam positionsShared explorationLock speedFull tech treeHidden civsTurbo modeCheats
Victory
Defeat
🇦🇷 Burgundians · Argentina
1635
+18
🇷🇺 Goths · Russia
1671
-18
no one
4:41 Double-Bit Axe
7:35 Horse Collar
11:27 Feudal Age
15:16 Castle Age
13:50 Bow Saw
18:03 Two-Man Saw
19:03 Wheelbarrow
18:57 Loom
20:59 Fletching
22:09 Town Watch
27:17 Imperial Age
26:36 Gold Mining
27:04 Padded Archer Armor
28:17 Conscription
29:00 Chemistry
28:17 Bodkin Arrow
33:45 Hand Cart
K0libri
0:26 Loom
11:15 Feudal Age
15:34 Castle Age
14:39 Horse Collar
14:44 Double-Bit Axe
15:12 Scale Mail Armor
17:23 Man-at-Arms
18:00 Long Swordsman
22:14 Squires
23:37 Wheelbarrow
28:18 Forging
Connection lost

Rejoining the realm…

Still unreachable

The connection could not be restored.

Session expired

The server has moved on; the page needs a fresh start.